cohdb
Replays
Latest Replays
All Replays
Popular Replays
Top Player Replays
Match Explorer
How It Works
Community
CoH3 Stats
Reddit
Sign in to upload your games and track your stats! →
Sign in with Steam
Match 38422506
Unlisted
Match 38422506
Overview
Messages
Build Orders
End
Construct Barracks
Scout Squad
Riflemen Squad
Riflemen Squad
Grenade Package
Riflemen Squad
Infantry Support Center
Construct Motor Pool
Construct Medical Station
Selects Armored Battlegroup
M8 Greyhound Armored Car
Selects Fast Deploy
Selects Veteran Crews
Selects M8 Scott SPG
M1 Anti-tank Gun Team
REGULATOR
낭만개미
0
0
Comments
sign in to comment!
No comments posted yet!